cohdb
Replays
Latest Replays
All Replays
Popular Replays
Top Player Replays
Match Explorer
How It Works
Community
CoH3 Stats
Reddit
Sign in to upload your games and track your stats! →
Sign in with Steam
Match 46572638
Unlisted
Match 46572638
Overview
Messages
Build Orders
End
Construct Weapon Support Center
Engineer Squad
Selects Heavy Weapons
M1919 Machine Gun Team
M1919 Machine Gun Team
Bazooka Squad
Air Support Center
M3 Armored Personnel Carrier
Selects Assault Carriers
Grasshopper Recon Run
M1919 Machine Gun Team
Construct Medical Station
M3 Assault Carrier
Selects Exchangeable Parts
Grasshopper Recon Run
Engineer Squad
M1919 Machine Gun Team
Grasshopper Recon Run
.30 cal Machine Gun
Bazooka Squad
Improved M9 Bazooka Rockets
不吃香菜
天天关注喵
Tomsch
Angrybirds
0
0
Comments
sign in to comment!
No comments posted yet!